 Dungeon Crawl Stone Soup version 0.27-a0-660-g90476cec82 (webtiles) character file.

Game seed: 8475786291585514749

56 rednaxela the Poker (level 3, 0/34 HPs)
             Began as a Naga Monk on Mar 16, 2021.
             Slain by a goblin (2 damage)
             ... led by Robin
             ... on level 2 of the Dungeon on Mar 17, 2021.
             The game lasted 00:06:30 (1659 turns).

rednaxela the Poker (Naga Monk)                     Turns: 1659, Time: 00:06:30

Health: 0/34       AC:  3    Str: 14    XL:     3   Next: 95%
Magic:  3/3        EV: 10    Int: 10    God:
Gold:   35         SH:  0    Dex: 13    Spells: 2/2 levels left

rFire    . . .     SeeInvis +   a - +0 spear
rCold    . . .     Faith    .   (no shield)
rNeg     . . .     Spirit   .   k - +0 leather armour
rPois    +         Reflect  .   (no helmet)
rElec    .         Harm     .   c - +0 cloak
rCorr    .         Rampage  .   (no gloves)
Will     .....                  (no barding)
Stlth    ++........             e - amulet of regeneration
HPRegen  0.11/turn              (no ring)
MPRegen  0.08/turn              (no ring)

@: very slow
A: AC +1, large, see invisible, deformed body, poison resistance, slowness 2,
spit poison 1, naga tail 1
a: Spit Poison


You were on level 2 of the Dungeon.
You visited 1 branch of the dungeon, and saw 2 of its levels.

You collected 35 gold pieces.

Inventory:

Hand Weapons
 a - a +0 spear (weapon)
Missiles
 d - a throwing net (quivered) {!f}
 i - 46 stones
 j - 12 poisoned darts
Armour
 c - a +0 cloak (worn)
   (You found it on level 1 of the Dungeon)
 k - a +0 leather armour (worn)
   (You found it on level 1 of the Dungeon)
Jewellery
 b - a ring of resist corrosion
   (You found it on level 2 of the Dungeon)
 e - an amulet of regeneration (around neck)
   (You found it on level 1 of the Dungeon)
Scrolls
 f - a scroll of fear {unknown}
 g - a scroll of identify {@r1}
 h - 2 scrolls of fog {!r}


   Skills:
 - Level 3.2 Fighting
 + Level 4.3 Polearms
 - Level 2.5 Dodging
 - Level 3.4 Stealth


You had 2 spell levels left.
You didn't know any spells.
Your spell library was empty.

Dungeon Overview and Level Annotations

Branches:
Dungeon (2/15)

Altars:
Hepliaklqana

Annotations:
D:2 Robin


Innate Abilities, Weirdness & Mutations

Your serpentine skin is tough. (AC +1)
You have supernaturally acute eyesight. (SInv)
Armour fits poorly on your strangely shaped body.
Your system is resistant to poisons. (rPois)
You cover ground very slowly.
You can spit poison.
You have a snake-like lower body.


Message History

The hobgoblin is almost dead.
The hobgoblin hits you.
* * * LOW HITPOINT WARNING * * *
You closely miss the hobgoblin.
The hobgoblin is almost dead.
The hobgoblin barely misses you.
You hit the hobgoblin.
You kill the hobgoblin!
There is a stone staircase leading down here.
You start resting.
HP restored.
You climb downwards.
Level annotation: Robin
There is a stone staircase leading up here.
A hobgoblin comes into view. It is wielding a +0 club.
The hobgoblin moves out of view.
Press: ? - help, Shift-Dir - straight line, f - goblin
Aim: a goblin, wielding a +0 dagger The splash of poison hits the goblin.
The goblin is poisoned.
The goblin is severely wounded.
You kill the goblin!
The hobgoblin shouts!
You hear a shout! x2
You have got your breath back.
Press: ? - help, Shift-Dir - straight line, f - hobgoblin
Aim: a hobgoblin, wielding a +0 club The splash of poison hits the hobgoblin!
The hobgoblin is poisoned.
You kill the hobgoblin!
A hobgoblin comes into view.
The goblin shoots a stone.
The stone closely misses you.
The hobgoblin moves out of view.
A goblin comes into view. It is wielding a +0 club.
A goblin comes into view. It is wielding a +0 dagger.
The goblin shoots a stone.
The stone hits you.
Things that are here:
a +0 dagger; a scroll labelled ZIMUYH JYRGH; a goblin corpse You can't do that yet.
The hobgoblin shouts!
The goblin shouts! x2; You hear a shout!
The goblin shoots a stone.
The stone hits you.
You have got your breath back.
The goblin shoots a stone.
The stone misses you.
Press: ? - help, Shift-Dir - straight line, f - hobgoblin
Aim: a hobgoblin The splash of poison hits the hobgoblin!
You kill the hobgoblin!
The goblin unwields a +0 club.
The goblin wields a +0 hunting sling.
The goblin shoots a stone.
The stone hits you but does no damage.
The goblin shoots a stone.
The stone misses you.
Really fire
d - a throwing net {!f}? [Y]es or [N]o only, please.
Really fire
d - a throwing net {!f}? [Y]es or [N]o only, please.
Really fire
d - a throwing net {!f}?
You can't do that yet.
Unknown command.
There are no items here.
The goblin shoots a stone.
The stone hits you.
* * * LOW HITPOINT WARNING * * *
You can't do that yet.
The goblin shoots a stone.
The stone barely misses you.
The goblin shoots a stone.
The stone hits you but does no damage.
You have got your breath back.
The goblin shoots a stone.
The stone hits you.
* * * LOW HITPOINT WARNING * * *
You start putting on your amulet.
You continue putting on your amulet of regeneration.
The goblin shoots a stone.
Keep equipping yourself?
The stone hits you.
* * * LOW HITPOINT WARNING * * *
Robin roars a battlecry!
The goblins go into a battle-frenzy!
You continue putting on your amulet of regeneration.
The goblin shoots a stone.
The stone closely misses you. Robin throws the goblin at you!
* * * LOW HITPOINT WARNING * * *
You continue putting on your amulet of regeneration.
The goblin unwields a +0 hunting sling.
The goblin wields a +0 club.
The goblin hits you with a +0 club.
* * * LOW HITPOINT WARNING * * *
The goblin hits you with a +0 dagger.
* * * LOW HITPOINT WARNING * * *
You continue putting on your amulet of regeneration.
The goblin hits you with a +0 club!
* * * LOW HITPOINT WARNING * * *
You continue putting on your amulet of regeneration.
The goblin barely misses you. The goblin closely misses you.
The goblin misses you.
The goblin shoots a stone.
The stone closely misses you.
The stone hits the goblin.
You finish putting on your amulet of regeneration.
The amulet cannot attune itself to your injured body.
e - an amulet of regeneration (around neck)
Okay, then.
You aren't carrying any potions.
Unknown command.
As you read the scroll labelled RYFFUUCWOPH, it crumbles to dust.
It is a scroll of identify.
h - 2 scrolls of fog The goblin hits you.
You die...

### #.###.#..# ..#
##.#.#.#.############## #.#
#.#.###....)...........
#.#########.##.#..######.........
......#............# ###.........
......#............# #...#.##.###
......#............###$#<#.##.###
..>.............g..g...).........
...............g@.g))............
......#..........g.##.####.####.#
......#............##.#....# .#
......###############.#....## .#
......# #########g#.....###.#
####### #............._......
#.........###.....#.. #.........#
##....# #.........# #....#


You could see Robin and 4 goblins.

Vanquished Creatures
  A gnoll (D:2)
  An adder (D:2)
  2 dart slugs (D:1)
  A leopard gecko (D:2)
  4 bats (D:1)
  A giant cockroach (D:1)
  3 goblins
  6 hobgoblins
  3 jackals (D:1)
  A frilled lizard (D:1)
  3 kobolds (D:1)
  3 rats
29 creatures vanquished.

Notes
Turn   | Place    | Note
-------+----------+-------------------------------------------
     0 | D:1      | rednaxela the Naga Monk began the quest for the Orb.
     0 | D:1      | Reached XP level 1. HP: 21/21 MP: 1/1
   112 | D:1      | Reached XP level 2. HP: 21/28 MP: 2/2
   863 | D:1      | Reached XP level 3. HP: 34/34 MP: 3/3
  1087 | D:2      | Found a hazy altar of Hepliaklqana.
  1131 | D:2      | Reached skill level 4 in Polearms
  1413 | D:2      | Noticed Robin
  1659 | D:2      | Slain by a goblin

Illustrated notes

Levels and vault maps discovered:
D:1:      saegor_arrival_simple_d, layout_rooms, nrook_loot_triangle
D:2:      layout_basic, marbit_many_paths, nicolae_overflow_crystal_walls,
          minmay_tripent, uniq_robin

Skill      XL: |  1  2  3 |
---------------+----------+-----
Polearms       | 4 |  4.3
Fighting       | |  3.2
Dodging        | |  2.5
Stealth        | |  3.4

Action                   || total
-------------------------++-------
Melee: Spear             ||    92
 Abil: Spit Poison       ||    25
  Use: Potion            ||     2
       Scroll            ||     1
 Stab: Sleeping          ||     2
Armor: Robe              ||    15
       Leather armour    ||    13
Dodge: Dodged            ||    51

Table legend: (Time is in decaauts)
 A = Elapsed time spent in this place.
 B = Non-inter-level travel time spent in this place.
 C = Inter-level travel time spent in this place.
 D = Time resting spent in this place.
 E = Time spent auto-exploring this place.
 F = Levels seen in this place.
 G = Mean time per level.
                   A        B        C        D        E       F      G
               +--------+--------+--------+--------+--------+-----+--------+
         Total |   1932 |   1874 |     58 |    576 |    912 |   2 |  966.0 |
       Dungeon |   1932 |   1874 |     58 |    576 |    912 |   2 |  966.0 |
               +--------+--------+--------+--------+--------+-----+--------+

Top non-repeatable levels by time:
     D:1: 1565 daAuts
     D:2: 366 daAuts
